 Dungeon Sprint DCSS version 0.27-a0-592-g0306a34022 (webtiles) character file.

Game seed: 16996854688292135876

2872 rocky1 the Geomancer (level 9, -9/84 HPs)
             Began as a Purple Draconian Earth Elementalist on Mar 11, 2021.
             Was a High Priest of Sif Muna.
             Mangled by an alligator snapping turtle (46 damage)
             ... in the Dungeon (Sprint VII: "The Pits").
             The game lasted 00:07:59 (1525 turns).

rocky1 the Geomancer (DrEE)                         Turns: 1525, Time: 00:07:59

Health: -9/84      AC: 10    Str: 10    XL:     9   Next: 47%
Magic:  22/22      EV: 15    Int: 21    God:    Sif Muna [*****.]
Gold:   0          SH:  0    Dex: 13    Spells: 14/27 levels left

rFire    . . .     SeeInvis .   r - +2 scimitar (flame)
rCold    . . .     Faith    .   (no shield)
rNeg     . . .     Spirit   .   (armour unavailable)
rPois    .         Reflect  .   (helmet restricted)
rElec    .         Harm     .   (no cloak)
rCorr    .         Rampage  .   (no gloves)
Will     +....     NoTele   +   (no boots)
Stlth    ++........             (no amulet)
HPRegen  0.24/turn              o - +3 ring of protection
MPRegen  0.18/turn              p - +3 ring of intelligence

@: no status effects
A: breathe power, unfitting armour, cold-blooded, AC +7
a: Breathe Dispelling Energy, Renounce Religion, Channel Magic, Forget Spell,
Divine Exegesis


You were in the Dungeon.
You worshipped Sif Muna.
Sif Muna was extremely pleased with you.
You visited 1 branch

Inventory:

Hand Weapons
 l - a +1 quarterstaff of speed
 r - a +2 scimitar of flaming (weapon)
 s - a +0 lajatang
 t - a +2 morningstar of protection
Missiles
 b - 32 stones
Jewellery
 o - a +3 ring of protection (right hand)
 p - a +3 ring of intelligence (left hand)
Wands
 n - a wand of digging (5)
Scrolls
 h - a scroll of blinking
 i - 5 scrolls of amnesia
 j - a scroll of summoning
Potions
 a - 2 potions of invisibility
 c - 9 potions of curing
 d - 14 potions of heal wounds
 f - 3 potions of magic
 g - 3 potions of berserk rage
 q - a potion of brilliance


   Skills:
 + Level 9.4 Fighting
 + Level 8.2 Dodging
 - Level 1.7 Stealth
 + Level 9.8 Spellcasting
 - Level 1.0 Transmutations
 + Level 13.7 Earth Magic
 + Level 9.4 Invocations


You had 14 spell levels left.
You knew the following spells:

 Your Spells              Type           Power      Damage    Failure   Level
a - Sandblast             Erth           100%       2d20      1%          1
b - Stone Arrow           Conj/Erth      78%        3d11      1%          3
c - Lee's Rapid Deconstr  Erth           30%        3d17*     1%          5
d - Petrify               Tmut/Erth      41%        N/A       3%          4

Your spell library contained the following spells:

 Spells                   Type           Power      Damage    Failure   Level
 Passwall                 Tmut/Erth      34%        N/A       1%          2
 Ensorcelled Hibernation  Hex/Ice        20%        N/A       10%         2
 Borgnjor's Vile Clutch   Necr/Erth      19%        N/A       11%         5
 Static Discharge         Conj/Air       10%        N/A       21%         3
 Lightning Bolt           Conj/Air       5%         1d17      88%         5
 Silence                  Hex/Air        5%         N/A       88%         5
 Shadow Creatures         Summ           N/A        N/A       100%        6
 Ignition                 Fire           5%         3d4       100%        8
 Shatter                  Erth           30%        3d25*     100%        9
 Tornado                  Air            5%         N/A       100%        9
 Animate Armour           Summ/Erth      Unusable   N/A       N/A         4

Dungeon Overview and Level Annotations

Branches:
Dungeon (1/1)

Altars:
Ashenzari
Cheibriados
Dithmenos
Elyvilon
Fedhas
Gozag
Hepliaklqana
Kikubaaqudgha
Makhleb
Nemelex Xobeh
Okawaru
Qazlal
Ru
Sif Muna
Trog
Uskayaw
Vehumet
Wu Jian
Xom
Yredelemnul
Zin
The Shining One
Beogh
Jiyva
Lugonu


Innate Abilities, Weirdness & Mutations

You can breathe bolts of dispelling energy.
Your rich purple scales are hard. (AC +7)
You cannot fit into any form of body armour.
You are cold-blooded and may be slowed by cold attacks.


Message History

Confirm with . or Enter, or press ? or * to list all spells.
Aiming: Lee's Rapid Deconstruction (dangerous; 1% risk of failure)
Press: ? - help, Dir - move target A metal wall.
The metal wall shatters!
The blast of metal fragments hits the alligator snapping turtle but does no damage.
The alligator snapping turtle is severely wounded.
The alligator snapping turtle bites you from afar.
Casting: Lee's Rapid Deconstruction (dangerous; 1% risk of failure)
Confirm with . or Enter, or press ? or * to list all spells.
Aiming: Lee's Rapid Deconstruction (dangerous; 1% risk of failure)
Press: ? - help, Dir - move target A metal wall.
The metal wall shatters!
The blast of metal fragments hits the alligator snapping turtle.
The alligator snapping turtle is severely wounded.
The alligator snapping turtle bites you from afar!
Casting: Lee's Rapid Deconstruction (dangerous; 1% risk of failure)
Confirm with . or Enter, or press ? or * to list all spells.
Aiming: Lee's Rapid Deconstruction (dangerous; 1% risk of failure)
Press: ? - help, Dir - move target A metal wall.
The metal wall shatters!
The blast of metal fragments hits the alligator snapping turtle but does no damage.
The alligator snapping turtle is severely wounded.
The alligator snapping turtle barely misses you.
Casting: Lee's Rapid Deconstruction (dangerous; 1% risk of failure)
Confirm with . or Enter, or press ? or * to list all spells.
Aiming: Lee's Rapid Deconstruction (dangerous; 1% risk of failure)
Press: ? - help, Dir - move target A metal wall.
The metal wall shatters!
The blast of metal fragments hits the alligator snapping turtle!
The alligator snapping turtle is severely wounded.
You feel less invigorated.
Okay, then.
Magic courses through your body.
The alligator snapping turtle bites you from afar!!!
Ouch! That really hurt!
You die...

###########
_________.#
_________.#
_______...#########
##########'##.......
#.?..')))'.##......#
##########.##.......
#..@.t......)†......
#'#####'#####......#
#.#.....#..##.......
#.#.....#).#####'###
#.###)###))##.......
#.#.....#.)##.......
#)#.....#[[##.......
#.####†##'###...<...
#)#........##.......


You could see an alligator snapping turtle.

Vanquished Creatures
  A shadow wraith (D)
  A phantasmal warrior (D)
  A black mamba (D)
  A jumping spider (D)
  Grinder (D)
  A flying skull (D)
  A wyvern (D)
  Grum (D)
  A floating eye (D)
  4 wolves (D)
  2 scorpions (D)
  2 orc priests (D)
  Jessica (D)
  2 orc wizards (D)
  2 gnolls (D)
  2 adders (D)
  2 oozes (D)
  A leopard gecko (D)
  4 orcs (D)
  A bat zombie (D)
  A giant cockroach (D)
  2 goblins (D)
  6 jackals (D)
  A frilled lizard (D)
  A rat (D)
43 creatures vanquished.

Notes
Turn   | Place    | Note
-------+----------+-------------------------------------------
     0 | D        | rocky1 the Draconian Earth Elementalist began the quest for
                  | the Orb.
     0 | D        | Reached XP level 1. HP: 14/14 MP: 3/3
    43 | D        | Found a bloodstained altar of Trog.
    43 | D        | Found a shimmering blue altar of Sif Muna.
    43 | D        | Found a viscous altar of Jiyva.
    43 | D        | Found a hazy altar of Hepliaklqana.
    43 | D        | Found an opulent altar of Gozag.
    44 | D        | Found a glowing golden altar of the Shining One.
    44 | D        | Found a glowing silver altar of Zin.
    44 | D        | Found a basalt altar of Yredelemnul.
    44 | D        | Found a shimmering altar of Xom.
    44 | D        | Found an ornate altar of the Wu Jian Council.
    44 | D        | Found a sacrificial altar of Ru.
    44 | D        | Found a stormy altar of Qazlal.
    44 | D        | Found an iron altar of Okawaru.
    44 | D        | Found a sparkling altar of Nemelex Xobeh.
    44 | D        | Found a burning altar of Makhleb.
    44 | D        | Found a blossoming altar of Fedhas.
    44 | D        | Found a white marble altar of Elyvilon.
    44 | D        | Found a shadowy altar of Dithmenos.
    44 | D        | Found a snail-covered altar of Cheibriados.
    46 | D        | Found a radiant altar of Vehumet.
    46 | D        | Found a corrupted altar of Lugonu.
    47 | D        | Found a hide-covered altar of Uskayaw.
    47 | D        | Found an ancient bone altar of Kikubaaqudgha.
    47 | D        | Found a broken altar of Ashenzari.
    49 | D        | Became a worshipper of Sif Muna the Loreminder
    61 | D        | Noticed a floating eye
    67 | D        | Killed a floating eye
    68 | D        | Reached skill level 9 in Earth Magic
    68 | D        | Reached XP level 2. HP: 18/20 MP: 1/5
    68 | D        | Reached XP level 3. HP: 23/26 MP: 1/6
    68 | D        | Reached XP level 4. HP: 29/33 MP: 1/7
   238 | D        | Reached * piety under Sif Muna
   250 | D        | Reached skill level 10 in Earth Magic
   250 | D        | Reached ** piety under Sif Muna
   258 | D        | Reached skill level 11 in Earth Magic
   258 | D        | Reached XP level 5. HP: 38/38 MP: 2/8
   264 | D        | Learned a level 5 spell: Lee's Rapid Deconstruction
   317 | D        | Noticed a flying skull
   324 | D        | Reached *** piety under Sif Muna
   326 | D        | Killed a flying skull
   327 | D        | Reached XP level 6. HP: 51/51 MP: 3/11
   333 | D        | Reached **** piety under Sif Muna
   342 | D        | Learned a level 3 spell: Stone Arrow
   347 | D        | Learned a level 4 spell: Petrify
   353 | D        | Reached ***** piety under Sif Muna
   390 | D        | Noticed Grinder
   391 | D        | Paralysed by Grinder for 7 turns
   398 | D        | Killed Grinder
   399 | D        | Reached skill level 5 in Fighting
   399 | D        | Reached skill level 5 in Spellcasting
   399 | D        | Reached skill level 12 in Earth Magic
   399 | D        | Reached skill level 5 in Invocations
   399 | D        | Your scales start taking on a rich purple colour.
   399 | D        | Reached XP level 7. HP: 55/61 MP: 3/16
   488 | D        | Noticed a black mamba
   490 | D        | Killed a black mamba
   490 | D        | Received a gift from Sif Muna
   491 | D        | Reached skill level 5 in Dodging
   740 | D        | Reached XP level 8. HP: 34/71 MP: 8/18
  1016 | D        | Noticed Grum
  1021 | D        | Received a gift from Sif Muna
  1021 | D        | Killed Grum
  1333 | D        | Noticed Jessica
  1335 | D        | Killed Jessica
  1342 | D        | Killed a shadow wraith
  1343 | D        | Reached skill level 13 in Earth Magic
  1343 | D        | Reached XP level 9. HP: 82/82 MP: 12/21
  1462 | D        | Noticed a phantasmal warrior
  1462 | D        | Noticed an alligator snapping turtle
  1462 | D        | Noticed a jumping spider
  1465 | D        | Identified Sif Muna's Volume of Beguiling and Orientation
                  | (Sif Muna gifted it to you in the Dungeon)
  1465 | D        | Received a gift from Sif Muna
  1492 | D        | Killed a phantasmal warrior
  1506 | D        | Killed a jumping spider
  1525 | D        | Mangled by an alligator snapping turtle

Illustrated notes

Levels and vault maps discovered:
D:        pitsprint [storerooms_1, entrance_room_1, metal_vault_3, armoury_1,
          mini_pit_1, grid_room_1, main_hall_1, silver_pit, the_coven_3,
          the_vestibule_1, steel_vault_5, golden_pit, hallway_of_sentries,
          crystal_vault_2, iron_vault_4, final_vault]

Skill      XL: |  1  2  3  4  5  6  7  8  9 |
---------------+----------------------------+-----
Earth Magic    | 9 11 12 13 | 13.7
Fighting       | 3 5 6 8 9 |  9.4
Dodging        | 3 4 5 7 8 |  8.2
Spellcasting   | 3 6 7 8 9 |  9.8
Invocations    | 3 5 6 8 9 |  9.4
Stealth        | |  1.7
Transmutations | |  1.0

Action                   |  1- 3 |  4- 6 |  7- 9 || total
-------------------------+-------+-------+-------++-------
Melee: Falchion          |     2 |     7 |       ||     9
       Long sword        |       |     8 |     6 ||    14
       Tailslap          |       |     1 |       ||     1
 Cast: Sandblast         |     3 |     5 |       ||     8
       Lee's Rapid Decon |       |     6 |    29 ||    35
       Stone Arrow       |       |       |     1 ||     1
Invok: Channel Magic     |       |     1 |     4 ||     5
  Use: Potion            |       |       |     2 ||     2
Armor: Skin              |       |     8 |     3 ||    11
Dodge: Dodged            |       |    12 |    19 ||    31
       Rpst.: Falchion   |       |     1 |       ||     1
       Long sword        |       |     3 |     1 ||     4
       Scimitar          |       |       |     1 ||     1

Table legend: (Time is in decaauts)
 A = Elapsed time spent in this place.
 B = Non-inter-level travel time spent in this place.
 C = Inter-level travel time spent in this place.
 D = Time resting spent in this place.
 E = Time spent auto-exploring this place.
 F = Levels seen in this place.
 G = Mean time per level.
                   A        B        C        D        E       F      G
               +--------+--------+--------+--------+--------+-----+--------+
         Total |   1516 |   1462 |     54 |   1099 |      0 |   1 | 1516.0 |
       Dungeon |   1516 |   1462 |     54 |   1099 |      0 |   1 | 1516.0 |
               +--------+--------+--------+--------+--------+-----+--------+

Top non-repeatable levels by time:
       D: 1516 daAuts
